 Dungeon Crawl Stone Soup version 0.21-a0-241-g2cbab09 (webtiles) character file.

14 tidbits the Insei (level 2, 0/22 HPs)
             Began as a Demigod Transmuter on Sept 3, 2017.
             Slain by a gnoll
             ... wielding a +0 halberd
              (12 damage)
             ... on level 1 of the Dungeon.
             The game lasted 00:01:51 (254 turns).

tidbits the Insei (Demigod Transmuter)               Turns: 254, Time: 00:01:52

Health: 0/22       AC:  2    Str: 13    XL:     2   Next: 18%
Magic:  4/7        EV: 12    Int: 17    God:
Gold:   23         SH:  0    Dex: 16    Spells: 2/5 levels left

rFire    . . .     SeeInvis .     - Unarmed
rCold    . . .     Gourm    .   (no shield)
rNeg     . . .     Faith    .   b - +0 robe
rPois    .         Spirit   .   (no helmet)
rElec    .         Reflect  .   (no cloak)
rCorr    .         Harm     .   (no gloves)
MR       .....                  (boots currently unavailable)
Stlth    +.........             (no amulet)
HPRegen  0.07/turn              (no ring)
MPRegen  0.10/turn              (no ring)

@: appendage
A: talons 3, high mp 1
a: End Transformation


You were on level 1 of the Dungeon.
You were not hungry.
You had grown temporary talons.
You visited 1 branch of the dungeon, and saw 1 of its levels.

You collected 23 gold pieces.

Inventory:

Missiles
 a - 11 arrows
 h - 2 stones (quivered)
 j - 21 bolts
Armour
 b - a +0 robe (worn)
Scrolls
 e - a scroll of teleportation {unknown}
 f - a scroll of identify {unknown}
 i - a scroll of enchant armour {unknown}
Potions
 g - 3 potions of curing {unknown}
Books
 c - a book of Changes

   Spells                             Type                      Level
   a - Beastly Appendage              Transmutation                1
   b - Sticks to Snakes               Transmutation                2
   c - Spider Form                    Transmutation/Poison         3
   d - Ice Form                       Ice/Transmutation            4
   e - Blade Hands                    Transmutation                5
Comestibles
 d - a bread ration


   Skills:
 - Level 0.8 Fighting
 - Level 1.7 Dodging
 + Level 3.0 Unarmed Combat
 - Level 2.0 Spellcasting
 + Level 2.1 Transmutations


You had 2 spell levels left.
You knew the following spells:

 Your Spells              Type           Power        Failure   Level  Hunger
e - Beastly Appendage     Tmut           #.....       8%          1    #......
k - Sticks to Snakes      Tmut           #.......     12%         2    ###....


Dungeon Overview and Level Annotations

Branches:
Dungeon (1/15)


Innate Abilities, Weirdness & Mutations

You have an increased reservoir of magic. (+10% MP)
You have claws for feet.


Message History

A rat comes into view.
The bat barely misses you.
Casting: Beastly Appendage
Confirm with . or Enter, or press ? or * to list all spells.
You grow a pair of large bovine horns.
The bat barely misses you.
You closely miss the bat. The bat completely misses you.
The bat closely misses you.
You barely miss the bat. The bat barely misses you. The bat closely misses you.
You hit the bat.
You kill the bat!
Your transformation is almost over.
Found an emerald potion.
You hit the rat.
You kill the rat!
You open the door.
Your horns disappear.
g - 2 emerald potions (gained 1) HP restored.
A ball python comes into view.
A frilled lizard comes into view.
A rat comes into view.
Casting: Beastly Appendage
Confirm with . or Enter, or press ? or * to list all spells.
You grow a pair of large bovine horns.
The ball python bites you but does no damage.
The ball python barely misses you.
You hit the ball python. Your headbutt misses the ball python.
The ball python is moderately wounded.
Your transformation is almost over.
The ball python barely misses you. x2
You hit the ball python.
The ball python is heavily wounded.
The ball python closely misses you. The ball python grabs you.
The ball python constricts you.
You hit the ball python.
You kill the ball python!
You have reached level 2!
Casting: Beastly Appendage
Confirm with . or Enter, or press ? or * to list all spells.
You extend your transformation's duration.
You miss the frilled lizard. The frilled lizard bites you.
You closely miss the frilled lizard. The frilled lizard bites you.
You hit the frilled lizard.
You kill the frilled lizard!
The rat bites you.
You hit the rat.
You kill the rat!
Memorise Sticks to Snakes, consuming 2 spell levels and leaving 2?
Your transformation is almost over.
You start memorising the spell.
You continue memorising. x2
You finish memorising.
Spell assigned to 'k'.
Found an emerald potion.
A goblin comes into view.
Your horns disappear.
A bat comes into view.
The goblin shouts!
Casting: Beastly Appendage
Confirm with . or Enter, or press ? or * to list all spells.
You grow a pair of large bovine horns.
The goblin misses you.
You hit the goblin.
You kill the goblin!
The bat barely misses you.
Unknown command.
You hit the bat.
You kill the bat!
Your Unarmed Combat skill increases to level 3!
Your transformation is almost over.
g - 3 emerald potions (gained 1)
Found 7 gold pieces.
Your horns disappear.
You now have 23 gold pieces (gained 7).
You open the door.
A gnoll comes into view. It is wielding a halberd.
The gnoll shouts!
You aren't carrying any items that you can evoke.
Unknown command.
Throwing (i - inventory):
h - 4 stones (quivered)
Press: ? - help, Shift-Dir - straight line, f - gnoll
Aim: a gnoll, wielding a halberd You throw a stone.
The stone closely misses the gnoll.
Throwing (i - inventory):
h - 3 stones (quivered)
Press: ? - help, Shift-Dir - straight line, f/p - gnoll
Aim: a gnoll, wielding a halberd You throw a stone.
The stone closely misses the gnoll.
Casting: Beastly Appendage
Confirm with . or Enter, or press ? or * to list all spells.
You create a snake!
You now have 11 arrows.
Casting: Sticks to Snakes
Confirm with . or Enter, or press ? or * to list all spells.
Your feet morph into talons.
The gnoll hits you from afar with a halberd.
The gnoll hits you with a halberd!
You closely miss the gnoll. Your kick misses the gnoll.
You barely miss the gnoll. The gnoll barely misses you.
You barely miss the gnoll. You claw the gnoll, but do no damage.
Your ball python misses the gnoll.
Your ball python grabs the gnoll.
Your ball python constricts the gnoll.
The gnoll hits you with a halberd!
Ouch! That really hurt!
You die...

############ #####
##....##...# #...#
##....##...###...#
.#...............# .
.................# ...
.................# #....
..........####..@##......
..........# #...Sg'......
..............#####...###
.....#......... .....
...#.#......... (...
...#.#......... ..(
............#.# .. .
.......#.# . .


You could see a gnoll and a friendly ball python.

Vanquished Creatures
  A ball python (D:1)
  2 giant cockroaches (D:1)
  3 goblins (D:1)
  2 kobolds (D:1)
  2 bats (D:1)
  A frilled lizard (D:1)
  2 rats (D:1)
13 creatures vanquished.

Notes
Turn   | Place    | Note
-------+----------+-------------------------------------------
     0 | D:1      | tidbits the Demigod Transmuter began the quest for the Orb.
     0 | D:1      | Reached XP level 1. HP: 15/15 MP: 5/5
    82 | D:1      | Reached skill level 2 in Spellcasting
    89 | D:1      | Reached skill level 2 in Transmutations
   200 | D:1      | Reached XP level 2. HP: 21/22 MP: 5/7
   212 | D:1      | Learned a level 2 spell: Sticks to Snakes
   223 | D:1      | Reached skill level 3 in Unarmed Combat
   254 | D:1      | Slain by a gnoll

Vault maps used:
D:1:      saegor_arrival_simple_c

Skill      XL: |  1  2 |
---------------+-------+-----
Spellcasting   | 2 |  2.0
Transmutations | 2 |  2.1
Unarmed Combat | 3 |  3.0
Fighting       | |  0.8
Dodging        | |  1.7

Action                   || total
-------------------------++-------
Melee: Unarmed           ||    33
       Headbutt          ||     3
       Kick              ||     1
Throw: Stone             ||     2
 Cast: Beastly Appendage ||     9
       Sticks to Snakes  ||     1
Armor: Robe              ||     3
Dodge: Dodged            ||    24

Table legend:
 A = Spawn XP
 B = Non-spawn XP
 C = Spawn XP percentage of total XP
 D = Spawn monster count
 E = Non-spawn monster count
 F = Spawn count percentage of total count
 G = Total turns spent on level
                    A         B        C        D         E        F      G
               +---------+---------+-------+---------+---------+-------+---------
         Total |       0 |      21 |   0.0 |       0 |      13 |   0.0 |   254
               +---------+---------+-------+---------+---------+-------+---------
           D:1 |       0 |      21 |   0.0 |       0 |      13 |   0.0 |   254
               +---------+---------+-------+---------+---------+-------+---------

Table legend:
 A = Turns spent in this place as a percentage of turns spent in the entire game.
 B = Non-inter-level travel turns spent in this place as a percentage of non-inter-level travel turns spent in the entire game.
 C = Inter-level travel turns spent in this place as a percentage of turns spent in this place.
 D = Turns resting spent in this place as a percentage of non-inter-level travel turns spent in this place.
 E = Turns spent auto-exploring this place as a percentage of non-inter-level travel turns spent in this place.
 F = Non-inter-level travel turns spent in this place divided by the number of levels of this place that you've seen.
                   A       B       C       D       E      F
               +-------+-------+-------+-------+-------+----------------------
         Total | 100.0 | 100.0 |   0.0 |   0.0 |   0.0 | 254.0
       Dungeon | 100.0 | 100.0 |   0.0 |   0.0 |   0.0 | 254.0
               +-------+-------+-------+-------+-------+----------------------

Table legend:
 A = Kills in this place as a percentage of kills in entire the game.
 B = Kills by you in this place as a percentage of kills by you in the entire game.
 C = Kills by friends in this place as a percentage of kills by friends in the entire game.
 D = Other kills in this place as a percentage of other kills in the entire game.
 E = Experience gained in this place as a percentage of experience gained in the entire game.
 F = Experience gained in this place divided by the number of levels of this place that you have seen.
                   A       B       C       D       E      F
               +-------+-------+-------+-------+-------+----------------------
         Total | 100.0 | 100.0 |   N/A |   N/A | 100.0 |  21.0
       Dungeon | 100.0 | 100.0 |   N/A |   N/A | 100.0 |  21.0
               +-------+-------+-------+-------+-------+----------------------

Vault maps used:
D:1:      saegor_arrival_simple_c
